Map: Orbital Shipyard

Players

LilDicky - Winner!

  • Race: Terran Terran
  • League: Diamond

WicclaiR

  • Race: Zerg Zerg
  • League: Master

VOD

http://www.twitch.tv/tumescentpie

Description

Time

  • Played on: Dec. 7, 2015, 11:39 a.m.
  • Length: 7:54
Show
View Real Time Build Order
Export as new Build Order

LilDicky Terran - Winner!

Build Orders: Liberator Opening, Mech 

Get SALT Encoding   

  12  0:01  SCV  
  13  0:13  SCV  
  14  0:18  Supply Depot  
  14  0:25  SCV  
  15  0:30  Refinery  
  15  0:39  SCV  
  16  0:45  Barracks  
  16  0:51  SCV  
  17  1:05  Refinery  
  17  1:08  SCV  
  18  1:20  SCV  
  19  1:32  Marine  
  20  1:33  Supply Depot, Orbital Command  
  20  1:47  Factory  
  20  1:51  Barracks Reactor  
  20  1:59  SCV  
  21  2:04  Supply Depot  
  21  2:11  SCV  
  22  2:24  SCV  
  23  2:31  Armory  
  23  2:32  Starport  
  23  2:36  Factory Tech Lab  
  24  2:39  Marine  
  24  2:42  Marine  
  25  2:44  SCV  
  26  2:56  SCV  
  26  2:57  Marine  
  28  3:00  Marine  
  28  3:01  Supply Depot  
  29  3:15  Marine  
  29  3:18  Marine  
  29  3:19  Thor  
  31  3:25  Medivac  
  39  3:38  Liberator  
  39  3:39  Marine x2  
  41  3:49  SCV  
  45  3:56  Marine  
  45  3:57  Marine  
  47  4:28  SCV, Siege Tank, Marine x2  
  53  4:33  Command Center  
  53  5:07  Marine  
  53  5:08  Marine  
  55  5:20  Thor  
  55  5:21  SCV  
  62  5:30  Refinery  
  62  5:33  Refinery  
  62  5:44  Medivac  
  49  6:05  Thor  
  49  6:10  SCV  
  47  6:20  Orbital Command  
  47  6:22  SCV  
  48  6:29  Command Center  
  48  6:30  Factory  
  48  6:32  Factory  
  48  6:35  SCV  
  49  6:41  Starport Reactor  
  49  6:47  SCV  
  50  6:55  SCV  
  50  6:58  Marine  
  50  6:59  SCV  
  53  7:07  SCV  
  54  7:11  SCV  
  55  7:25  Factory Tech Lab  
  55  7:26  Factory Reactor  
  55  7:28  SCV  
  56  7:31  SCV, Armory  
  57  7:40  SCV  
Show
View Real Time Build Order
Export as new Build Order

WicclaiR Zerg 

Build Orders: Hatch First 

Get SALT Encoding   

  12  0:01  Drone  
  13  0:10  Drone  
  14  0:18  Overlord  
  14  0:27  Extractor  
  14  0:28  Extractor  
  12  0:31  Drone x2  
  16  0:37  Drone  
  17  0:54  Hatchery  
  17  0:56  Drone  
  17  1:10  Spawning Pool  
  16  1:12  Drone  
  16  1:16  Drone  
  18  1:20  Extractor  
  17  1:31  Drone x2  
  19  1:41  Overlord  
  19  1:57  Queen  
  19  1:58  Zergling x2  
  22  2:05  Queen  
  22  2:06  Drone  
  25  2:19  Hatchery  
  24  2:25  Metabolic Boost  
  24  2:38  Drone x2  
  24  2:39  Drone x2  
  28  2:46  Queen  
  28  2:49  Zergling x2  
  31  2:53  Zergling x2  
  31  2:54  Zergling x2  
  33  3:01  Overlord  
  33  3:05  Zergling x2  
  34  3:06  Zergling x2  
  34  3:08  Drone  
  36  3:26  Drone  
  37  3:30  Drone x6  
  43  3:38  Queen  
  45  3:44  Lair  
  45  3:45  Drone  
  46  3:55  Drone x4  
  49  4:12  Overlord x3  
  49  4:24  Overlord  
  49  4:25  Extractor  
  49  4:26  Extractor, Queen  
  45  5:07  Zergling x2  
  45  5:08  Zergling x14  
  54  5:15  Hydralisk Den  
  47  5:46  Hydralisk x7  
  55  6:03  Zergling x2  
  55  6:04  Zergling x6  
  46  6:18  Drone x2, Queen  
  44  6:29  Drone x2  
  47  6:32  Drone  
  47  6:37  Hatchery  
  46  6:45  Drone x2  
  45  6:58  Roach Warren  
  44  7:01  Drone  
  44  7:02  Drone x4  
  44  7:05  Extractor  
  48  7:18  Drone  
  48  7:19  Drone x2  
  48  7:20  Drone  
  48  7:22  Drone x2  
  54  7:23  Drone  
  54  7:28  Overlord  
  55  7:41  Infestation Pit  
Tags
 
Add a new tag
Caveats
  • Supply blocks, unpowered buildings, or Contaminate may cause inaccurate times.
  • Supply counts are checked every 10 seconds.